 Dungeon Crawl Stone Soup version 0.30-a0-772-g5528072125 (webtiles) character file.

Game seed: 11417681578596907670

1218 joshdumdum the Protected (level 8, -1/68 HPs)
             Began as a Minotaur Fighter on Feb 13, 2023.
             Slain by a two-headed ogre
             ... wielding a +0 giant spiked club
              (18 damage)
             ... on level 5 of the Dungeon.
             The game lasted 00:35:55 (5344 turns).

joshdumdum the Protected (Minotaur Fighter)         Turns: 5344, Time: 00:35:56

Health: -1/68      AC: 14    Str: 23    XL:     8   Next: 22%
Magic:  7/7        EV:  7    Int:  5    God:
Gold:   183        SH:  5    Dex: 10    Spells: 7/7 levels left

rFire   . . .      SeeInvis .    l - +2 falchion (holy)
rCold   . . .      Faith    .    j - orb {mayhem}
rNeg    . . .      Spirit   .    i - +1 plate armour {rPois}
rPois   +          Reflect  +    (helmet restricted)
rElec   .          Harm     .    (no cloak)
rCorr   .          Rampage  .    (no gloves)
Will    .....                    (no boots) Stlth
                                 g - amulet of reflection
HPRegen 0.31/turn                (no ring)
MPRegen 0.10/turn                (no ring)

@: no status effects
A: horns 2, retaliatory headbutt
a: no special abilities


You were on level 5 of the Dungeon.
You visited 1 branch of the dungeon, and saw 6 of its levels.

You collected 183 gold pieces.

Inventory:

Hand Weapons
 a - a +0 rapier
 k - a +1 short sword of venom
 l - a +2 falchion of holy wrath (weapon)
Missiles
 m - 3 poisoned darts (quivered)
 r - 3 silver javelins
 v - 2 boomerangs
Armour
 b - a +0 scale mail
 c - a +0 buckler
 i - a +1 plate armour of poison resistance (worn)
 j - an orb of mayhem (worn)
 n - a +0 helmet
 u - a +0 cloak
Magical Staves
 t - a staff of cold
Jewellery
 g - an amulet of reflection (around neck)
Scrolls
 d - a scroll of blinking {unknown}
 h - 3 scrolls of immolation
 o - a scroll of brand weapon {unknown}
 s - a scroll of noise
 A - a scroll of fog
 B - a scroll of enchant armour {unknown}
Potions
 e - a potion of degeneration
 f - 3 potions of heal wounds {unknown}
 p - a potion of lignification {unknown}
 q - a potion of cancellation {unknown}
 w - a potion of attraction {unknown}
 x - a potion of invisibility {unknown}
 z - a potion of flight {unknown}


   Skills:
 + Level 5.0 Fighting
 + Level 6.0(6.3) Short Blades
 + Level 3.2(5.3) Long Blades
 + Level 8.0 Armour
 + Level 1.6 Dodging
 + Level 0.4 Stealth
 + Level 5.6 Shields


You had 7 spell levels left.
You didn't know any spells.
Your spell library contained the following spells:

 Spells                   Type           Power      Damage    Failure   Level
 Sandblast                Erth           0%         2d4       100%        1
 Passwall                 Tmut/Erth      0%         N/A       100%        2
 Call Canine Familiar     Summ           0%         N/A       100%        3
 Portal Projectile        Hex/Tloc       0%         N/A       100%        3
 Stone Arrow              Conj/Erth      0%         3d7       100%        3
 Leda's Liquefaction      Hex/Erth       0%         N/A       100%        4


Dungeon Overview and Level Annotations

Branches:
Dungeon (6/15)
 Temple: D:4-7

Altars:
Dithmenos
Fedhas
Kikubaaqudgha
Makhleb
Okawaru
Qazlal
Ru
Trog
Yredelemnul

Shops:
D:4 :


Innate Abilities, Weirdness & Mutations

You have a pair of horns on your head.
You reflexively headbutt those who attack you in melee.


Message History

A two-headed ogre is nearby!
A two-headed ogre is nearby!
A two-headed ogre is nearby!
You open the door.
There is an open door here.
There is a stone staircase leading up here.
A two-headed ogre is nearby!
There is a stone staircase leading up here.
There is a stone staircase leading up here.
You hit the two-headed ogre but do no damage.
You headbutt the two-headed ogre!
The two-headed ogre is lightly wounded.
The two-headed ogre hits you with a +0 giant spiked club!
The two-headed ogre hits you with a +0 giant club!!
You climb upwards.
There is a stone staircase leading down here.
The two-headed ogre attacks as you move away!
You block the two-headed ogre's attack.
The two-headed ogre hits you with a +0 giant club.
You are too injured to fight recklessly!
You hit the two-headed ogre.
The two-headed ogre is moderately wounded.
The two-headed ogre barely misses you.
The two-headed ogre hits you but does no damage.
You barely miss the two-headed ogre.
The two-headed ogre is moderately wounded.
You barely miss the two-headed ogre.
Your headbutt misses the two-headed ogre.
The two-headed ogre is moderately wounded.
The two-headed ogre hits you with a +0 giant spiked club!
* * * LOW HITPOINT WARNING * * *
The two-headed ogre barely misses you.
Read: scroll of poison
Press: ? - help, Q - select action, (/) - cycle Dir - look around, f - activate You can't see that place. [the floor.]
The air fills with toxic fumes!
As you read the scroll of poison, it crumbles to dust.
The two-headed ogre hits you with a +0 giant spiked club!!
You die...

...##........## #...## #.#
##..#_......_# #§######.####
##.########## ###§.#.........
###.....#.# ###§§..#.........
#..>.#....# ###§§§...#.........
#.##...#### #§§§§..............
.......# ######§§§##.#.#.........
.#####.###§§§§§§O##..#.#.....<...
## ###.....#####@##.##.##########
####....#.######§##.##.########
...............§§§............#
.....######...§§§§§.##..####..#
###### #..§§§§§§§###.# #.##
##.§§§§§§§§# #.####.####
###.§§§§§§§§§# #.#...>...#
##..§§§§§§§§§§###.#.......#
##.................#.......#


You could see a two-headed ogre.

Vanquished Creatures
  Eustachio (D:4)
  Menkaure (D:3)
  An ice beast (D:6)
  An ogre (D:5)
  A phantom (D:5)
  A bullfrog (D:4)
  A scorpion (D:6)
  A howler monkey (D:5)
  2 orc priests (D:5)
  2 iguanas
  Natasha (thrice) (D:2)
  An orc wizard (D:5)
  A hound zombie (D:3)
  5 adders
  9 gnolls
  An ufetubus (D:4)
  2 worms
  2 dart slugs
  6 orcs
  6 ball pythons
  6 endoplasms
  2 giant cockroaches
  11 goblins
  6 hobgoblins
  6 kobolds
  3 quokkas
  7 bats
  5 frilled lizards
  2 rats (D:1)
96 creatures vanquished.

Vanquished Creatures (collateral kills)
  A centaur (D:5)
  2 gnolls (D:5)
  An orc (D:5)
4 creatures vanquished.

Vanquished Creatures (others)
  2 plants (D:4)
2 creatures vanquished.

Grand Total: 102 creatures vanquished

Notes
Turn   | Place    | Note
-------+----------+-------------------------------------------
     0 | D:1      | joshdumdum the Minotaur Fighter began the quest for the
                  | Orb.
     0 | D:1      | Reached XP level 1. HP: 19/19 MP: 0/0
   136 | D:1      | Reached XP level 2. HP: 15/27 MP: 1/1
   209 | D:1      | Reached skill level 4 in Armour
   331 | D:1      | Reached XP level 3. HP: 33/33 MP: 2/2
   866 | D:2      | Found a faded altar of an unknown god.
   918 | D:2      | Noticed Natasha
   923 | D:2      | Killed Natasha
   924 | D:2      | Reached XP level 4. HP: 39/40 MP: 3/3
   972 | D:2      | Noticed Natasha
   985 | D:2      | Killed Natasha
  1001 | D:2      | Noticed Natasha
  1020 | D:2      | Killed Natasha
  1021 | D:2      | Reached skill level 5 in Armour
  1021 | D:2      | Reached XP level 5. HP: 32/46 MP: 4/4
  2356 | D:3      | Found an ancient bone altar of Kikubaaqudgha.
  2356 | D:3      | Found a basalt altar of Yredelemnul.
  2356 | D:3      | Found a transporter.
  2357 | D:3      | Noticed Menkaure
  2369 | D:3      | Found a transporter.
  2978 | D:3      | Killed Menkaure
  2979 | D:3      | Reached skill level 1 in Dodging
  2979 | D:3      | Reached XP level 6. HP: 9/53 MP: 5/5
  3746 | D:4      | Noticed Eustachio
  3852 | D:4      | Reached skill level 6 in Armour
  3852 | D:4      | Reached skill level 5 in Shields
  3880 | D:4      | Found Muchataf's Self-Improvement Boutique.
  3902 | D:4      | Reached skill level 5 in Short Blades
  3926 | D:4      | Killed Eustachio
  3927 | D:4      | Reached XP level 7. HP: 24/60 MP: 6/6
  4494 | D:5      | Entered Level 5 of the Dungeon
  4494 | D:5      | Found a shadowy altar of Dithmenos.
  4508 | D:5      | HP: 3/60 [gnoll/+0 whip (5)]
  4524 | D:5      | Reached skill level 1 in Long Blades
  4524 | D:5      | Reached skill level 7 in Armour
  4747 | D:5      | Found a sacrificial altar of Ru.
  4747 | D:5      | Found a blossoming altar of Fedhas.
  4747 | D:5      | Found an iron altar of Okawaru.
  4747 | D:5      | Found a burning altar of Makhleb.
  4756 | D:5      | Found a stormy altar of Qazlal.
  4756 | D:5      | Found a bloodstained altar of Trog.
  4917 | D:5      | Reached skill level 5 in Fighting
  4917 | D:5      | Reached XP level 8. HP: 68/68 MP: 7/7
  5204 | D:6      | Reached skill level 8 in Armour
  5259 | D:6      | Noticed a two-headed ogre
  5344 | D:5      | Slain by a two-headed ogre

Illustrated notes

Levels and vault maps discovered:
D:1:      eino_arrival_water_star, layout_rooms, st_stairs_10
D:2:      layout_basic, chequers_ecumenical_altar_grove, uniq_natasha
D:3:      kb_forest_paths, layout_basic, gammafunk_temple_of_torment
D:4:      layout_basic, minmay_misc_feat_secret_circle,
          nicolae_concentric_dashed_squares_wild, serial_bayou_pond_b,
          nicolae_shop_self_help, uniq_menkaure, uniq_eustachio
D:5:      layout_rooms, grunt_dithmenos_smoke_and_mirrors,
          minmay_overflow_temple_hex
D:6:      layout_basic, temple_hall, serial_shops, nicolae_take_the_stairs

Skill      XL: |  1  2  3  4  5  6  7  8 |
---------------+-------------------------+-----
Shields        | 4 5 |  5.6
Fighting       | 4 5 |  5.0
Armour         | 4 5 6 7 8 |  8.0
Short Blades   | 3 4 5 6 |  6.0
Dodging        | 1 |  1.6
Long Blades    | 2 3 |  3.2
Stealth        | |  0.4

Action                     |  1- 3 |  4- 6 |  7- 9 || total
---------------------------+-------+-------+-------++-------
  Melee: Rapier            |    41 |       |       ||    41
         Headbutt          |    11 |    24 |    16 ||    51
         Short sword       |    66 |   124 |    16 ||   206
         Falchion          |       |       |    48 ||    48
    Use: Potion            |       |     4 |     5 ||     9
         Scroll            |       |     8 |     1 ||     9
 Armour: Scale mail        |    46 |    14 |       ||    60
         Plate armour      |       |    19 |    39 ||    58
  Dodge: Dodged            |    27 |    33 |    21 ||    81
  Block: Buckler           |    40 |    25 |       ||    65
         Reflection        |       |     2 |     1 ||     3
         Orb               |       |    11 |     7 ||    18

Table legend: (Time is in decaauts)
 A = Elapsed time spent in this place.
 B = Non-inter-level travel time spent in this place.
 C = Inter-level travel time spent in this place.
 D = Time resting spent in this place.
 E = Time spent auto-exploring this place.
 F = Levels seen in this place.
 G = Mean time per level.
                   A        B        C        D        E       F      G
               +--------+--------+--------+--------+--------+-----+--------+
         Total |   5313 |   1573 |   3740 |    500 |      0 |   6 |  885.5 |
       Dungeon |   5313 |   1573 |   3740 |    500 |      0 |   6 |  885.5 |
               +--------+--------+--------+--------+--------+-----+--------+

Top non-repeatable levels by time:
     D:3: 2167 daAuts
     D:4: 914 daAuts
     D:2: 757 daAuts
     D:5: 655 daAuts
     D:1: 638 daAuts
     D:6: 179 daAuts
